PIO (24 & UNDER)
SURREY SINNERS @ SASKATOON SMOKIN' GUNS
09/15/2026
 
TOP OF THE 1ST
Surrey Sinners batting - Pitching for Saskatoon Smokin' Guns : LHP Macy Catron
Pitching: LHP Macy Catron
Batting: RHB Ramón Molina 0-0: Ball
1-0: Ball
2-0: Foul Ball, location: 2F
2-1: Foul Ball, location: 2F
2-2: Strikes out swinging
Batting: RHB Clint Younger 0-0: Ball
1-0: Swinging Strike
1-1: Called Strike
1-2: Foul Ball, location: 2F
1-2: Foul Ball, location: 2F
1-2: Ball
2-2: Foul Ball, location: 2F
2-2: Strikes out swinging
Batting: RHB Daniel Santiago 0-0: Foul Ball, location: 2F
0-1: Fly out, F8 (Flyball, 8LM)
Top of the 1st over - 0 run(s), 0 hit(s), 0 error(s), 0 left on base; Surrey 0 - Saskatoon 0
BOTTOM OF THE 1ST
Saskatoon Smokin' Guns batting - Pitching for Surrey Sinners : RHP Juan Zumaya
Pitching: RHP Juan Zumaya
Batting: LHB Alejandro Rojas 0-0: Swinging Strike
0-1: Ball
1-1: Foul Ball, location: 2F
1-2: Fly out, F8 (Flyball, 8LM)
Batting: RHB Rijk de Rade 0-0: Ball
1-0: SINGLE (Groundball, 6MD)
Batting: LHB Raúl Casillán 0-0: Called Strike
0-1: Ball
1-1: Ball
2-1: SINGLE (Line Drive, 8RS)
Rijk de Rade to second
Batting: LHB José Liñares 0-0: Fly out, F4 (Line Drive, 4)
Batting: RHB César Rodríguez 0-0: Ball
1-0: Foul Ball, location: 2F
1-1: Ground out 5-3 (Groundball, 56)
Bottom of the 1st over - 0 run(s), 2 hit(s), 0 error(s), 2 left on base; Surrey 0 - Saskatoon 0
TOP OF THE 2ND
Surrey Sinners batting - Pitching for Saskatoon Smokin' Guns : LHP Macy Catron
Batting: RHB Augusto Trevino 0-0: SINGLE (Line Drive, 7LS)
Batting: LHB José Blanco 0-0: Called Strike
0-1: Ball
1-1: Swinging Strike
1-2: Strikes out swinging
Batting: RHB Cooper Richard 0-0: Ball
Augusto Trevino is caught stealing 2nd base
1-0: Called Strike
1-1: Ground out 6-3 (Groundball, 6)
Top of the 2nd over - 0 run(s), 1 hit(s), 0 error(s), 0 left on base; Surrey 0 - Saskatoon 0
BOTTOM OF THE 2ND
Saskatoon Smokin' Guns batting - Pitching for Surrey Sinners : RHP Juan Zumaya
Batting: LHB Russell Peck 0-0: Ball
1-0: Called Strike
1-1: Foul Ball, location: 2F
1-2: Ground out 3-1 (Groundball, 34)
Batting: RHB Johnny MacNamara 0-0: Ball
1-0: Ball
2-0: Swinging Strike
2-1: Foul Ball, location: 2F
2-2: Strikes out swinging
Batting: RHB Juan Chávez 0-0: Ball
1-0: Ball
2-0: Called Strike
2-1: Ground out 6-3 (Groundball, 6M)
Bottom of the 2nd over - 0 run(s), 0 hit(s), 0 error(s), 0 left on base; Surrey 0 - Saskatoon 0
TOP OF THE 3RD
Surrey Sinners batting - Pitching for Saskatoon Smokin' Guns : LHP Macy Catron
Batting: LHB Buddy Rice 0-0: Ball
1-0: Foul Ball, location: 2F
1-1: Called Strike
1-2: Fly out, F8 (Flyball, 8RD)
Batting: RHB Félix Castro 0-0: Ball
1-0: Ball
2-0: Ball
3-0: Called Strike
3-1: Ground out 6-3 (Groundball, 6M)
Batting: RHB Shawn Gutiérrez 0-0: Called Strike
0-1: Foul Ball, location: 2F
0-2: Ball
1-2: SINGLE (Flyball, 8RS)
Batting: RHB Ramón Molina 0-0: Ball
1-0: Ball
2-0: Called Strike
2-1: Foul Ball, location: 2F
2-2: Foul Ball, location: 2F
2-2: Fielders Choice at 2nd, 6-4 (Groundball, 6)
Top of the 3rd over - 0 run(s), 1 hit(s), 0 error(s), 0 left on base; Surrey 0 - Saskatoon 0
BOTTOM OF THE 3RD
Saskatoon Smokin' Guns batting - Pitching for Surrey Sinners : RHP Juan Zumaya
Batting: RHB Zack Flint 0-0: Ball
1-0: Called Strike
1-1: Swinging Strike
1-2: Ball
2-2: Ball
3-2: Strikes out swinging
Batting: LHB Alejandro Rojas 0-0: Foul Ball, location: 2F
0-1: Ball
1-1: Foul Ball, location: 2F
1-2: Foul Ball, location: 2F
1-2: Ball
2-2: Ball
3-2: Base on Balls
Batting: RHB Rijk de Rade 0-0: Ball
1-0: Fly out, F3 (Line Drive, 3)
1-0: Lined into DP, U3 (Line Drive, 3)
Bottom of the 3rd over - 0 run(s), 0 hit(s), 0 error(s), 0 left on base; Surrey 0 - Saskatoon 0
TOP OF THE 4TH
Surrey Sinners batting - Pitching for Saskatoon Smokin' Guns : LHP Macy Catron
Batting: RHB Clint Younger 0-0: Foul Ball, location: 2F
0-1: Ball
1-1: Swinging Strike
1-2: Ball
2-2: Foul Ball, location: 2F
2-2: Ball
3-2: SINGLE (Line Drive, 56D)
Batting: RHB Daniel Santiago 0-0: Called Strike
0-1: Ball
1-1: Foul Ball, location: 2F
1-2: Ground out 6-3 (Groundball, 6)
Clint Younger to second
Batting: RHB Augusto Trevino 0-0: Called Strike
Clint Younger is caught stealing 3rd base
0-1: Ground out 4-3 (Groundball, 4M)
Top of the 4th over - 0 run(s), 1 hit(s), 0 error(s), 0 left on base; Surrey 0 - Saskatoon 0
BOTTOM OF THE 4TH
Saskatoon Smokin' Guns batting - Pitching for Surrey Sinners : RHP Juan Zumaya
Batting: LHB Raúl Casillán 0-0: Called Strike
0-1: Foul Ball, location: 2F
0-2: Ball
1-2: SINGLE (Line Drive, 4)
Batting: LHB José Liñares 0-0: Ball
1-0: Fly out, F7 (Popup, 56D)
Batting: RHB César Rodríguez 0-0: Fly out, F8 (Flyball, 8RM)
Batting: LHB Russell Peck 0-0: Called Strike
0-1: Called Strike
0-2: Ball
1-2: Ball
Raúl Casillán steals 2nd base
2-2: Ball
3-2: Foul Ball, location: 2F
3-2: Base on Balls
Batting: RHB Johnny MacNamara 0-0: Ball
1-0: Ball
2-0: Ground out 6-3 (Groundball, 6)
Bottom of the 4th over - 0 run(s), 1 hit(s), 0 error(s), 2 left on base; Surrey 0 - Saskatoon 0
TOP OF THE 5TH
Surrey Sinners batting - Pitching for Saskatoon Smokin' Guns : LHP Macy Catron
Batting: LHB José Blanco 0-0: Called Strike
0-1: Swinging Strike
0-2: Ball
1-2: Ball
2-2: Foul Ball, location: 2F
2-2: Strikes out swinging
Batting: RHB Cooper Richard 0-0: Ball
1-0: Foul Ball, location: 2F
1-1: Ball
2-1: Ball
3-1: Called Strike
3-2: Base on Balls
Batting: LHB Buddy Rice 0-0: Called Strike
Cooper Richard is caught stealing 2nd base
0-1: Called Strike
0-2: Ball
1-2: Ball
2-2: Ball
3-2: Base on Balls
Batting: RHB Félix Castro 0-0: Ball
1-0: Swinging Strike
1-1: Foul Ball, location: 2F
1-2: Ball
2-2: Strikes out swinging
Top of the 5th over - 0 run(s), 0 hit(s), 0 error(s), 1 left on base; Surrey 0 - Saskatoon 0
BOTTOM OF THE 5TH
Saskatoon Smokin' Guns batting - Pitching for Surrey Sinners : RHP Juan Zumaya
Batting: RHB Juan Chávez 0-0: Called Strike
0-1: Ground out 6-3 (Groundball, 6M)
Batting: RHB Zack Flint 0-0: Swinging Strike
0-1: Swinging Strike
0-2: Strikes out swinging
Batting: LHB Alejandro Rojas 0-0: Ball
1-0: SINGLE (Groundball, 34D)
Batting: RHB Rijk de Rade 0-0: Ball
Alejandro Rojas steals 2nd base
1-0: Ground out 5-3 (Groundball, 5L)
Bottom of the 5th over - 0 run(s), 1 hit(s), 0 error(s), 1 left on base; Surrey 0 - Saskatoon 0
TOP OF THE 6TH
Surrey Sinners batting - Pitching for Saskatoon Smokin' Guns : LHP Macy Catron
Batting: RHB Shawn Gutiérrez 0-0: Ball
1-0: Swinging Strike
1-1: Called Strike
1-2: Foul Ball, location: 2F
1-2: Strikes out swinging
Batting: RHB Ramón Molina 0-0: Ball
1-0: Called Strike
1-1: Ball
2-1: Ball
3-1: Base on Balls
Pitching: RHP Guy Farinelli
Batting: RHB Clint Younger 0-0: Ball
1-0: Ball
2-0: Ball
3-0: Called Strike
3-1: Foul Ball, location: 2F
3-2: Strikes out swinging
Batting: RHB Daniel Santiago 0-0: Ball
1-0: Ball
2-0: Called Strike
2-1: SINGLE (Groundball, 56D)
Ramón Molina to second
Batting: RHB Augusto Trevino 0-0: Ball
1-0: SINGLE (Line Drive, 4)
Ramón Molina to third
Daniel Santiago to second
Batting: LHB José Blanco 0-0: Ground out 1-3 (Groundball, 15)
Top of the 6th over - 0 run(s), 2 hit(s), 0 error(s), 3 left on base; Surrey 0 - Saskatoon 0
BOTTOM OF THE 6TH
Saskatoon Smokin' Guns batting - Pitching for Surrey Sinners : RHP Juan Zumaya
Batting: LHB Raúl Casillán 0-0: Fly out, F6 (Popup, 5)
Batting: LHB José Liñares 0-0: Fly out, F5 (Popup, 5S)
Batting: RHB César Rodríguez 0-0: Called Strike
0-1: Ball
1-1: Ball
2-1: Ball
3-1: SINGLE (Groundball, 6MD) (infield hit)
Batting: LHB Russell Peck 0-0: Called Strike
César Rodríguez steals 2nd base
0-1: Swinging Strike
0-2: Foul Ball, location: 2F
0-2: Ball
1-2: Ball
2-2: Ball
3-2: Foul Ball, location: 2F
3-2: Foul Ball, location: 2F
3-2: Base on Balls
Batting: RHB Johnny MacNamara 0-0: Ball
1-0: Ball
2-0: Foul Ball, location: 2F
2-1: Ball
3-1: Base on Balls
César Rodríguez to third
Russell Peck to second
Pitching: RHP Ernest Ware
Batting: RHB Juan Chávez 0-0: Called Strike
0-1: SINGLE (Groundball, 6M)
César Rodríguez scores
Russell Peck to third
Johnny MacNamara to second
Runner from 3rd tries for Home, SAFE, throw made home
Batting: RHB Zack Flint 0-0: Swinging Strike
0-1: Ball
1-1: Foul Ball, location: 2F
1-2: Ball
2-2: Strikes out swinging
Bottom of the 6th over - 2 run(s), 2 hit(s), 0 error(s), 2 left on base; Surrey 0 - Saskatoon 2
TOP OF THE 7TH
Surrey Sinners batting - Pitching for Saskatoon Smokin' Guns : RHP Guy Farinelli
Batting: RHB Cooper Richard 0-0: Fly out, F7 (Flyball, 7D)
Batting: LHB Buddy Rice 0-0: Ball
1-0: Called Strike
1-1: SINGLE (Line Drive, 8LS)
Pinch Runner at 1st Jamie Swyers:
Batting: RHB Félix Castro 0-0: Ball
1-0: Ball
Jamie Swyers steals 2nd base
2-0: Foul Ball, location: 2F
2-1: Ball
3-1: Swinging Strike
3-2: Fly out, F8 (Flyball, 8RD)
Batting: RHB Shawn Gutiérrez 0-0: Called Strike
0-1: Foul Ball, location: 2F
0-2: Strikes out swinging
Top of the 7th over - 0 run(s), 1 hit(s), 0 error(s), 1 left on base; Surrey 0 - Saskatoon 2
BOTTOM OF THE 7TH
Saskatoon Smokin' Guns batting - Pitching for Surrey Sinners : RHP Ernest Ware
Now in RF: Ricardo Deleón
Batting: LHB Alejandro Rojas 0-0: Ball
1-0: Ground out 3-1 (Groundball, 34)
Batting: RHB Rijk de Rade 0-0: Ball
1-0: Ground out 6-3 (Groundball, 6)
Batting: LHB Raúl Casillán 0-0: Ball
1-0: Foul Ball, location: 2F
1-1: Ball
2-1: Called Strike
2-2: Ground out 4-3 (Groundball, 4)
Bottom of the 7th over - 0 run(s), 0 hit(s), 0 error(s), 0 left on base; Surrey 0 - Saskatoon 2
TOP OF THE 8TH
Surrey Sinners batting - Pitching for Saskatoon Smokin' Guns : RHP Guy Farinelli
Batting: RHB Ramón Molina 0-0: Ball
1-0: Called Strike
1-1: Foul Ball, location: 2F
1-2: Ball
2-2: Ball
3-2: Foul Ball, location: 2F
3-2: SINGLE (Groundball, 5D)
Pitching: RHP Denny Koch
Pinch Runner at 1st Juan Hinojosa:
Batting: RHB Clint Younger 0-0: Called Strike
0-1: Ball
1-1: Grounds into double play, 6-4-3 (Groundball, 6)
Batting: RHB Daniel Santiago 0-0: Ball
1-0: Ball
2-0: Ball
3-0: Base on Balls
Batting: RHB Augusto Trevino 0-0: Called Strike
0-1: Ball
1-1: Ball
2-1: Foul Ball, location: 2F
2-2: Foul Ball, location: 2F
2-2: SINGLE (Line Drive, 4MD)
Daniel Santiago to second
Pinch Hitting: RHB Jesús Lara 0-0: Called Strike
0-1: Fly out, F5 (Popup, 5SF)
Top of the 8th over - 0 run(s), 2 hit(s), 0 error(s), 2 left on base; Surrey 0 - Saskatoon 2
BOTTOM OF THE 8TH
Saskatoon Smokin' Guns batting - Pitching for Surrey Sinners : RHP Ernest Ware
Now at 1B: Jesús Lara
Now at 2B: Eugene Booth
Batting: LHB José Liñares 0-0: Foul Ball, location: 2F
0-1: Called Strike
0-2: Strikes out looking
Batting: RHB César Rodríguez 0-0: Called Strike
0-1: Ground out 5-3 (Groundball, 56)
Batting: LHB Russell Peck 0-0: Ball
1-0: Ball
2-0: Ground out 4-3 (Groundball, 4)
Bottom of the 8th over - 0 run(s), 0 hit(s), 0 error(s), 0 left on base; Surrey 0 - Saskatoon 2
TOP OF THE 9TH
Surrey Sinners batting - Pitching for Saskatoon Smokin' Guns : RHP Denny Koch
Pitching: RHP Melvin Hicks
Batting: RHB Cooper Richard 0-0: Called Strike
0-1: Ball
1-1: Ball
2-1: Ball
3-1: Fly out, F9 (Flyball, 9LM)
Batting: RHB Ricardo Deleón 0-0: Called Strike
0-1: Swinging Strike
0-2: Strikes out looking
Batting: RHB Félix Castro 0-0: Ground out 5-3 (Groundball, 5)
Top of the 9th over - 0 run(s), 0 hit(s), 0 error(s), 0 left on base; Surrey 0 - Saskatoon 2
Monday, December 5th, 2016 - OOTP Baseball 17.12 Build 75